 Dungeon Sprint DCSS version 0.31-a0-844-gdc52ec4e09 (webtiles) character file.

Game seed: 2664092550156196473

10048 sircluck the Brawler (level 11, -14/175 (195) HPs)
             Began as a Troll Berserker on Sept 29, 2023.
             Was the Champion of Trog.
             Demolished by a komodo dragon (22 damage)
             ... in the Dungeon (Sprint VII: "The Pits").
             The game lasted 00:04:11 (1756 turns).

sircluck the Brawler (Troll Berserker)              Turns: 1756, Time: 00:04:11

HP:   -14/175 (195) AC:  9    Str: 31      XL:     11   Next: 31%
MP:   10/10         EV: 16    Int:  5 (6)  God:    Trog [******]
Gold: 0             SH:  0    Dex:  9      Spells: 10/10 levels left

rFire   . .          .
                       - Unarmed
rCold   . . .        (no shield)
rNeg    . . .        h - +0 swamp dragon scales
rPois   +            (helmet restricted)
rElec   .            (no cloak)
rCorr   .            (gloves unavailable)
SInv    .            (boots unavailable)
Will    .....        (no amulet) Stlth
                     m - +3 ring of evasion
HPRegen 1.29/turn    l - +3 ring of intelligence
MPRegen 0.12/turn

%: no teleportation
@: berserking (expiring), afraid, slowed, heavily drained
A: large, unfitting armour, claws 3, regeneration 1, shaggy fur 1, tough skin 1
a: Renounce Religion, Berserk, Trog's Hand, Brothers in Arms


You were in the Dungeon.
You worshipped Trog.
Trog was exalted by your worship.
You visited 1 branch

Inventory:

Armour
 a - a +0 animal skin
 h - +0 swamp dragon scales (worn)
Jewellery
 l - a +3 ring of intelligence (right claw)
 m - a +3 ring of evasion (left claw)
Scrolls
 j - 2 scrolls of vulnerability
 k - a scroll of summoning
Potions
 b - 8 potions of curing
 c - 7 potions of heal wounds
 d - 3 potions of haste
 e - 4 potions of magic
 f - 4 potions of berserk rage
 i - 2 potions of invisibility
 n - a potion of mutation


   Skills:
 + Level 14.2 Fighting
 + Level 14.0 Dodging
 + Level 16.4 Unarmed Combat


You had 10 spell levels left.
You didn't know any spells.
Your spell library was empty.

Dungeon Overview and Level Annotations

Branches:
Dungeon (1/1)

Altars:
Ashenzari
Cheibriados
Dithmenos
Elyvilon
Fedhas
Gozag
Hepliaklqana
Kikubaaqudgha
Makhleb
Nemelex Xobeh
Okawaru
Qazlal
Ru
Sif Muna
Trog
Uskayaw
Vehumet
Wu Jian
Xom
Yredelemnul
Zin
The Shining One
Jiyva
Lugonu


Innate Abilities, Weirdness & Mutations

You are too large for most types of armour.
You have claws for hands.
Your natural rate of healing is unusually fast.
You are covered in fur. (AC +1)
You have tough skin. (AC +1)


Message History

The eidolon is severely damaged.
The wyvern misses you.
You scratch the eidolon.
The eidolon is severely damaged.
The komodo dragon bites you!! The eidolon hits you.
The eidolon drains your vigour!
You feel as though you will be slow longer.
The eidolon misses you. The wyvern barely misses you.
You attempt to attack the eidolon, but flinch away in fear!
The wyvern barely misses you. The komodo dragon bites you!
The eidolon stares piercingly at you. The bolt of negative energy hits you!!
You feel drained.
* * * LOW HITPOINT WARNING * * *
Unknown command.
Unknown command.
Unknown command.
You attempt to attack the eidolon, but flinch away in fear!
The wyvern bites you!
* * * LOW HITPOINT WARNING * * *
Unknown command.
Unknown command.
You attempt to attack the eidolon, but flinch away in fear!
The eidolon completely misses you. The eidolon closely misses you.
The komodo dragon hisses menacingly.
The komodo dragon bites you but does no damage.
The wyvern bites you.
* * * LOW HITPOINT WARNING * * *
Unknown command.
Unknown command.
You attempt to attack the eidolon, but flinch away in fear!
The wyvern barely misses you.
The eidolon hits you but does no damage.
The eidolon closely misses you. The komodo dragon bites you!!
* * * LOW HITPOINT WARNING * * *
Unknown command.
Unknown command.
You attempt to attack the eidolon, but flinch away in fear!
The wyvern closely misses you. The eidolon closely misses you.
The eidolon barely misses you. The komodo dragon bites you!!
You die...

.......##..............#
))######################
')############## #####
......#...))...###...#
....###...###...#...##
...##.+...'.##.....##
..##..##'##.)##...##
..#..##†..##).+...#
..#..#.....#).#.@.#
..)..'.....'..+llW+
..#..#.....#..#...#
..#..##...##..+...#
..##..##+##..##...#
...##.+..†'.##.....
....###..†### ..#..
......#... ..# #..
##########


You could see an eidolon (scary), a komodo dragon and a wyvern.

Vanquished Creatures
  An alligator snapping turtle (D)
  A two-headed ogre (D)
  A death yak (D)
  A demonic crawler (D)
  A spriggan druid (D)
  A sixfirhy (D)
  A swamp dragon (D)
  A wizard (D)
  A phantasmal warrior (D)
  A black mamba (D)
  An elephant (D)
  An ice devil (D)
  A komodo dragon (D)
  A guardian mummy (D)
  A polar bear (D)
  6 dream sheep (D)
  2 snapping turtles (D)
  A jumping spider (D)
  A fire bat (D)
  5 yaks (D)
  A wandering mushroom (D)
  A redback (D)
  A floating eye (D)
  An orc warrior (D)
  2 centaurs (D)
  A bullfrog (D)
  A necrophage (D)
  A gnoll sergeant (D)
  4 wights (D)
  A crimson imp (D)
  2 jellies (D)
  3 orc priests (D)
  2 orc wizards (D)
  5 gnolls (D)
  An adder (D)
  A river rat (D)
  2 white imps (D)
  An ufetubus (D)
  An adder skeleton (D)
  4 orcs (D)
  A bat skeleton (D)
  A bat zombie (D)
  2 endoplasms (D)
  4 giant cockroaches (D)
  2 hobgoblins (D)
  A kobold (D)
  A ball python (D)
  A frilled lizard (D)
  A giant cockroach zombie (D)
80 creatures vanquished.

Notes
Turn   | Place    | Note
-------+----------+-------------------------------------------
     0 | D        | sircluck the Troll Berserker began the quest for the Orb.
     0 | D        | Reached XP level 1. HP: 22/22 MP: 0/0
    11 | D        | Noticed an orc priest
    11 | D        | Noticed an orc priest
    11 | D        | Noticed a floating eye
    13 | D        | Noticed an orc wizard
    16 | D        | Killed an orc priest
    17 | D        | Reached skill level 4 in Unarmed Combat
    17 | D        | Reached XP level 2. HP: 32/32 MP: 1/1
    17 | D        | Reached XP level 3. HP: 39/39 MP: 2/2
    18 | D        | Reached ** piety under Trog
    19 | D        | Reached skill level 5 in Unarmed Combat
    20 | D        | Paralysed by a floating eye for 2 turns
    24 | D        | Reached XP level 4. HP: 49/49 MP: 3/3
    25 | D        | Killed a floating eye
    26 | D        | Reached skill level 5 in Dodging
    26 | D        | Reached skill level 7 in Unarmed Combat
    26 | D        | Reached XP level 5. HP: 59/59 MP: 4/4
   169 | D        | Noticed a snapping turtle
   178 | D        | Killed a snapping turtle
   178 | D        | Reached *** piety under Trog
   179 | D        | Reached skill level 8 in Unarmed Combat
   179 | D        | Reached XP level 6. HP: 71/71 MP: 5/5
   246 | D        | Noticed a dream sheep
   246 | D        | Noticed a dream sheep
   280 | D        | Killed a dream sheep
   281 | D        | Reached skill level 9 in Unarmed Combat
   281 | D        | Reached XP level 7. HP: 12/79 MP: 6/6
   359 | D        | Noticed a dream sheep
   383 | D        | Killed a dream sheep
   383 | D        | Reached **** piety under Trog
   384 | D        | Reached skill level 10 in Unarmed Combat
   385 | D        | Noticed a dream sheep
   388 | D        | Noticed a dream sheep
   395 | D        | Killed a dream sheep
   396 | D        | Killed a dream sheep
   397 | D        | Reached XP level 8. HP: 20/92 MP: 7/7
   397 | D        | Killed a dream sheep
   398 | D        | Reached skill level 11 in Unarmed Combat
   481 | D        | Noticed a swamp dragon
   481 | D        | Noticed a guardian mummy
   486 | D        | Killed a guardian mummy
   491 | D        | Killed a swamp dragon
   491 | D        | Reached ***** piety under Trog
   492 | D        | Reached skill level 10 in Fighting
   492 | D        | Reached skill level 10 in Dodging
   492 | D        | Reached skill level 12 in Unarmed Combat
   492 | D        | Reached XP level 9. HP: 96/102 MP: 8/8
   505 | D        | HP: 4/105 [yak (11)]
   507 | D        | Reached skill level 13 in Unarmed Combat
   688 | D        | Noticed a black mamba
   689 | D        | Noticed a wizard
   696 | D        | Killed a black mamba
   701 | D        | Killed a wizard
   766 | D        | Noticed a sixfirhy
   772 | D        | Killed a sixfirhy
   773 | D        | Reached XP level 10. HP: 99/115 MP: 9/9
   786 | D        | Noticed an alligator snapping turtle
   797 | D        | Killed an alligator snapping turtle
   797 | D        | Reached ****** piety under Trog
   798 | D        | Reached skill level 14 in Unarmed Combat
   986 | D        | Received a gift from Trog
  1093 | D        | Found a bloodstained altar of Trog.
  1093 | D        | Found a shimmering blue altar of Sif Muna.
  1093 | D        | Found a viscous altar of Jiyva.
  1093 | D        | Found a hazy altar of Hepliaklqana.
  1093 | D        | Found an opulent altar of Gozag.
  1094 | D        | Found a glowing golden altar of the Shining One.
  1094 | D        | Found a glowing silver altar of Zin.
  1094 | D        | Found a basalt altar of Yredelemnul.
  1094 | D        | Found a shimmering altar of Xom.
  1094 | D        | Found an ornate altar of the Wu Jian Council.
  1094 | D        | Found a sacrificial altar of Ru.
  1094 | D        | Found a stormy altar of Qazlal.
  1094 | D        | Found an iron altar of Okawaru.
  1094 | D        | Found a sparkling altar of Nemelex Xobeh.
  1094 | D        | Found a burning altar of Makhleb.
  1094 | D        | Found a blossoming altar of Fedhas.
  1094 | D        | Found a white marble altar of Elyvilon.
  1094 | D        | Found a shadowy altar of Dithmenos.
  1094 | D        | Found a snail-covered altar of Cheibriados.
  1098 | D        | Found a corrupted altar of Lugonu.
  1098 | D        | Found a radiant altar of Vehumet.
  1099 | D        | Found a broken altar of Ashenzari.
  1099 | D        | Found an ancient bone altar of Kikubaaqudgha.
  1099 | D        | Found a hide-covered altar of Uskayaw.
  1158 | D        | Identified the +5 great sword of Autumn {flame, Fragile
                  | +Blink rElec} (Trog gifted it to you in the Dungeon)
  1158 | D        | Received a gift from Trog
  1239 | D        | Received a gift from Trog
  1251 | D        | Received a gift from Trog
  1315 | D        | Noticed a death yak
  1324 | D        | Killed a death yak
  1325 | D        | Reached skill level 15 in Unarmed Combat
  1328 | D        | Received a gift from Trog
  1433 | D        | Noticed a demonic crawler
  1433 | D        | Noticed a two-headed ogre
  1437 | D        | Killed a demonic crawler
  1441 | D        | Killed a two-headed ogre
  1583 | D        | Noticed a phantasmal warrior
  1587 | D        | Killed a phantasmal warrior
  1588 | D        | Reached XP level 11. HP: 103/127 MP: 10/10
  1593 | D        | Noticed a spriggan druid
  1613 | D        | Killed a spriggan druid
  1613 | D        | Received a gift from Trog
  1614 | D        | Reached skill level 16 in Unarmed Combat
  1617 | D        | HP: 5/128 [elephant (25)]
  1691 | D        | Received a gift from Trog
  1739 | D        | Noticed an eidolon
  1755 | D        | HP: 7/175 [komodo dragon (21)]
  1756 | D        | Demolished by a komodo dragon

Illustrated notes

Levels and vault maps discovered:
D:        pitsprint [storerooms_1, entrance_room_1, metal_vault_6, armoury_2,
          mini_pit_1, grid_room_1, main_hall_1, silver_pit, the_coven_3,
          the_vestibule_1, steel_vault_5, golden_pit, hallway_of_sentries,
          crystal_vault_3, iron_vault_2, final_vault]

Skill      XL: |  1  2  3  4  5  6  7  8  9 10 11 |
---------------+----------------------------------+-----
Fighting       | 3 4 6 7 9 10 12 13 14 | 14.2
Dodging        | 3 4 5 7 9 10 11 13 14 | 14.0
Unarmed Combat | 4 5 7 8 9 10 12 13 15 16 | 16.4

Action                     |  1- 3 |  4- 6 |  7- 9 | 10-12 || total
---------------------------+-------+-------+-------+-------++-------
  Melee: Unarmed           |     7 |    19 |    51 |   144 ||   221
         Punch             |       |     1 |       |    11 ||    12
 Invoke: Berserk           |     1 |     1 |     2 |     4 ||     8
    Use: Potion            |       |       |       |     3 ||     3
         Scroll            |       |       |       |     1 ||     1
 Armour: Animal skin       |     3 |    15 |    27 |       ||    45
         Swamp dragon scal |       |       |     8 |    87 ||    95
  Dodge: Dodged            |       |     7 |    19 |    93 ||   119

Table legend: (Time is in decaauts)
 A = Elapsed time spent in this place.
 B = Non-inter-level travel time spent in this place.
 C = Inter-level travel time spent in this place.
 D = Time resting spent in this place.
 E = Time spent auto-exploring this place.
 F = Levels seen in this place.
 G = Mean time per level.
                   A        B        C        D        E       F      G
               +--------+--------+--------+--------+--------+-----+--------+
         Total |   1769 |   1715 |     54 |    951 |    104 |   1 | 1769.0 |
       Dungeon |   1769 |   1715 |     54 |    951 |    104 |   1 | 1769.0 |
               +--------+--------+--------+--------+--------+-----+--------+

Top non-repeatable levels by time:
       D: 1769 daAuts
